 Seeded DCSS version 0.30.0-29-ga12c61a403 (webtiles) character file.

Game seed: 8929053272308767809 (custom seed)

469 RascalDebosk the Magician (level 7, 0/50 HPs)
             Began as a Djinni Warper on June 5, 2023.
             Slain by a gnoll
             ... wielding a +0 flail
              (5 damage)
             ... on level 4 of the Dungeon on June 6, 2023.
             The game lasted 00:29:37 (4852 turns).

RascalDebosk the Magician (Djinni Warper)           Turns: 4852, Time: 00:29:37

Health: 0/50       AC:  6    Str: 10    XL:     7   Next: 30%
Gold:   314        EV: 11    Int: 16    God:
                   SH:  0    Dex: 13

rFire   + + .        a - +0 falchion
rCold   x . .        (no shield)
rNeg    . . .        b - +0 leather armour
rPois   ∞            f - +0 helmet
rElec   .            s - +0 cloak
rCorr   .            q - +0 pair of gloves
SInv    .            (boots unavailable)
Will    .....        j - amulet of the acrobat
Stlth   +            (no ring)
HPRegen 0.28/turn    (no ring)
MPRegen 0.00/turn

%: acrobat, infuse magic (-1 HP)
@: flying
A: sickness immunity, fire resistance 2, cold vulnerability 1, float, innate
caster, HP casting, extra vitality 1
a: no special abilities


You were on level 4 of the Dungeon.
You visited 1 branch of the dungeon, and saw 5 of its levels.
You also visited: Sewer.

You collected 314 gold pieces.

Inventory:

Hand Weapons
 a - a +0 falchion (weapon)
Missiles
 d - 6 boomerangs of dispersal
 v - 5 boomerangs (quivered)
Armour
 b - a +0 leather armour (worn)
 f - a +0 helmet (worn)
 q - a +0 pair of gloves (worn)
 s - a +0 cloak (worn)
Jewellery
 j - an amulet of the acrobat (around neck)
 y - a +6 ring of intelligence
Wands
 w - a wand of iceblast (1)
Scrolls
 c - 4 scrolls of amnesia {unknown}
 g - a scroll of blinking
 k - a scroll of magic mapping {unknown}
 l - a scroll of fear {unknown}
 m - a scroll of fog {unknown}
 n - 2 scrolls of teleportation {unknown}
 p - 2 scrolls of poison {unknown}
 r - 7 scrolls of identify {unknown}
 u - a scroll of enchant weapon {unknown}
 x - a scroll of immolation {unknown}
Potions
 e - 2 potions of berserk rage {unknown}
 h - a potion of haste {unknown}
 i - 2 potions of degeneration {unknown}
 o - a potion of curing {unknown}
 t - a potion of attraction {unknown}
Miscellaneous
 V - a condenser vane


   Skills:
 + Level 3.2 Fighting
 + Level 2.9 Long Blades
 - Level 0.7 Throwing
 + Level 2.5 Armour
 - Level 2.1 Dodging
 * Level 4.9 Spellcasting


You knew the following spells:

 Your Spells              Type           Power      Damage    Failure   Level
a - Blink                 Tloc           38%        N/A       4%          2
b - Lesser Beckoning      Tloc           38%        N/A       4%          2
c - Vhi's Electric Charg  Tloc/Air       38%        N/A       8%          3
d - Teleport Other        Tloc           19%        N/A       8%          3
e - Manifold Assault      Tloc           19%        N/A       26%         4
f - Summon Small Mammal   Summ           76%        N/A       2%          1
g - Wereblood             Tmut           19%        N/A       4%          2
h - Mephitic Cloud        Conj/Pois/Air  19%        N/A       8%          3
Your spell library was empty.

Dungeon Overview and Level Annotations

Branches:
Dungeon (5/15)              Sewer (visited)
 Temple: D:4-7

Altars:
Gozag
Okawaru


Innate Abilities, Weirdness & Mutations

You are immune to sickness and miasma.
You are immune to poison.
Your flesh is very heat resistant. (rF++)
You are vulnerable to cold. (rC-)
You float through the air rather than walking.
You learn spells naturally, not from books.
Your magical power is your life essence.
You have superior vitality. (+4 MHP)


Message History

The gnoll barely misses you.
y - a +6 ring of intelligence The gnoll hits you but does no damage.
The gnoll attacks as you move away! The gnoll hits you but does no damage.
The gnoll attacks as you move away! The gnoll misses you.
Found 17 gold pieces.
The gnoll attacks as you move away! The gnoll misses you.
The gnoll attacks as you move away! The gnoll closely misses you.
There is a stone staircase leading up here.
You fly upwards.
There is a stone staircase leading down here.
You fly downwards.
The gnoll misses you. The gnoll hits you but does no damage.
There is a stone staircase leading up here.
Casting: Vhi's Electric Charge (dangerous; 8% risk of failure)
Confirm with . or Enter, or press ? or * to list all spells.
Your blood is infused with primal strength.
The gnoll closely misses you. The gnoll misses you.
The gnoll barely misses you.
You closely miss the gnoll.
The gnoll is lightly wounded.
The gnoll barely misses you. The gnoll hits you with a +0 flail.
The gnoll barely misses you.
You barely miss the gnoll.
The gnoll is lightly wounded.
The gnoll hits you from afar with a +0 spear.
The gnoll closely misses you. The gnoll barely misses you.
The gnoll closely misses you.
The gnoll hits you from afar with a +0 spear.
The gnoll hits you with a +0 flail.
You closely miss the gnoll.
The gnoll is lightly wounded.
The gnoll misses you.
The gnoll hits you from afar with a +0 spear.
The gnoll hits you with a +0 club.
You barely miss the gnoll.
The gnoll is lightly wounded.
The gnoll barely misses you. The gnoll misses you. The gnoll barely misses you.
An adder comes into view.
The adder hisses angrily.
You hit the gnoll but do no damage.
The gnoll is lightly wounded.
The gnoll hits you but does no damage.
The gnoll hits you from afar with a +0 spear.
The gnoll hits you but does no damage.
You barely miss the gnoll.
The gnoll is lightly wounded.
The gnoll hits you from afar with a +0 spear.
The gnoll hits you with a +0 club.
* * * LOW HITPOINT WARNING * * *
The gnoll hits you with a +0 flail.
* * * LOW HITPOINT WARNING * * *
The gnoll barely misses you. The gnoll hits you with a +0 club.
* * * LOW HITPOINT WARNING * * *
The gnoll hits you with a +0 flail.
* * * LOW HITPOINT WARNING * * *
You fly upwards.
There is a stone staircase leading down here.
Casting: Wereblood (safe; 4% risk of failure)
Confirm with . or Enter, or press ? or * to list all spells.
You blink.
* * * LOW HITPOINT WARNING * * *
You feel stable enough to blink again.
Your primal bloodlust is almost over.
Your primal bloodlust has ended.
You see here an amulet of guardian spirit.
You see here a +0 scale mail.
The gnoll closely misses you. The gnoll attacks as you move away!
The gnoll completely misses you. The gnoll attacks as you move away!
The gnoll barely misses you. The gnoll attacks as you move away!
The gnoll completely misses you.
You closely miss the gnoll. The gnoll hits you with a +0 flail.
* * * LOW HITPOINT WARNING * * *
You hit the gnoll.
The gnoll is heavily wounded.
The gnoll barely misses you. The gnoll hits you but does no damage.
You hit the gnoll.
The gnoll is severely wounded.
The gnoll barely misses you.
You closely miss the gnoll.
The gnoll is severely wounded.
You hit the gnoll.
The gnoll is heavily wounded.
The gnoll hits you but does no damage. The gnoll hits you with a +0 club.
* * * LOW HITPOINT WARNING * * *
You hit the gnoll. Your punch misses the gnoll.
The gnoll is severely wounded.
The gnoll hits you but does no damage. The gnoll closely misses you.
You closely miss the gnoll.
The gnoll is severely wounded.
The gnoll hits you with a +0 flail!
* * * LOW HITPOINT WARNING * * *
The gnoll hits you with a +0 club.
* * * LOW HITPOINT WARNING * * *
You hit the gnoll but do no damage.
The gnoll is severely wounded.
The gnoll barely misses you. The gnoll hits you but does no damage.
You hit the gnoll but do no damage.
The gnoll is severely wounded.
The gnoll hits you with a +0 flail.
You die...

#.......#.... ##### #.......#....
##...######.......#....
##..#.##................
########..#..##.#......g.......
###.................#.(.....#....
....######...###.####.......#g...
..............##g# #####..###....
...............g@# #.....####..##
..........^...#### #..[.....#.##
..............# #.....##...#
.............## ###.......#####
....>........# ###.........# #..
.............####........#### #..
............[.#.".......##### #..
#........................)..###..
....###..>.#.##.................#


You could see 2 gnolls.

Vanquished Creatures
  A phantom (D:4)
  Blork the orc (D:4)
  2 bullfrogs (Sewer)
  Robin (D:4)
  4 adders
  3 worms
  5 dart slugs
  5 orcs
  9 endoplasms
  10 giant cockroaches
  8 hobgoblins
  8 quokkas
  7 ball pythons
  5 bats
  10 frilled lizards
  18 goblins
  13 kobolds
  6 rats
116 creatures vanquished.

Vanquished Creatures (collateral kills)
  A ball python (Sewer)
  A hobgoblin (D:2)
  A kobold (D:2)
  A frilled lizard (Sewer)
4 creatures vanquished.

Grand Total: 120 creatures vanquished

Notes
Turn   | Place    | Note
-------+----------+-------------------------------------------
     0 | D:1      | RascalDebosk the Djinni Warper began the quest for the Orb.
     0 | D:1      | RascalDebosk set off with the following spells memorised:
                  | Blink, Lesser Beckoning, Vhi's Electric Charge, Teleport
                  | Other, Manifold Assault.
     0 | D:1      | Reached XP level 1. HP: 18/18 MP: 0/0
   139 | D:1      | Reached XP level 2. HP: 23/23 MP: 0/0
   188 | D:1      | Reached skill level 3 in Spellcasting
   338 | D:1      | Reached XP level 3. HP: 21/28 MP: 0/0
   338 | D:1      | Learned a level 1 spell: Summon Small Mammal
   941 | D:2      | Reached XP level 4. HP: 14/33 MP: 0/0
  1718 | D:3      | Reached skill level 4 in Spellcasting
  1967 | D:3      | Found an iron altar of Okawaru.
  1976 | D:3      | Reached XP level 5. HP: 38/38 MP: 0/0
  1976 | D:3      | Learned a level 2 spell: Wereblood
  1995 | D:3      | Found a glowing drain.
  2030 | Sewer    | Entered a sewer
  2428 | Sewer    | Noticed a bullfrog
  2441 | Sewer    | Killed a bullfrog
  2442 | Sewer    | Reached XP level 6. HP: 7/45 MP: 0/0
  2970 | D:4      | Noticed Robin
  3266 | D:4      | Killed Robin
  3402 | D:4      | Reached XP level 7. HP: 23/50 MP: 0/0
  3402 | D:4      | Learned a level 3 spell: Mephitic Cloud
  3604 | D:4      | Noticed Blork the orc
  4434 | D:4      | Killed Blork the orc
  4657 | D:5      | Entered Level 5 of the Dungeon
  4767 | D:5      | Found an opulent altar of Gozag.
  4852 | D:4      | Slain by a gnoll

Illustrated notes

Levels and vault maps discovered:
D:1:      lemuel_arrival_hallway, layout_basic
D:2:      layout_basic, dreamdust_wishing_well
D:3:      layout_basic, mainiacjoe_overflow_24_doors,
          cheibrodos_sewer_entry_bend, minmay_cut_off
D:4:      layout_rooms, serial_glass, glass_columns_b, glass_columns_a,
          uniq_blork_the_orc, uniq_robin
D:5:      minmay_diamond_boxcup, layout_cave_pools, lemuel_round_altar

Skill      XL: |  1  2  3  4  5  6 |
---------------+-------------------+-----
Spellcasting   | 3 4 |  4.9
Long Blades    | 2 |  2.9
Armour         | 2 |  2.5
Fighting       | 3 |  3.2
Throwing       | |  0.7
Dodging        | |  2.1

Action                     |  1- 3 |  4- 6 |  7- 9 || total
---------------------------+-------+-------+-------++-------
  Melee: Falchion          |   130 |   303 |    48 ||   481
         Punch             |       |     2 |       ||     2
  Throw: Boomerang         |       |     1 |       ||     1
   Cast: Summon Small Mamm |     4 |    11 |     3 ||    18
         Manifold Assault  |       |     2 |     7 ||     9
         Teleport Other    |       |     1 |     1 ||     2
         Vhi's Electric Ch |       |     2 |     4 ||     6
         Wereblood         |       |     1 |     1 ||     2
         Mephitic Cloud    |       |       |     6 ||     6
         Blink             |       |       |     3 ||     3
  Evoke: Wand              |       |       |     4 ||     4
 Armour: Leather armour    |    49 |    99 |    12 ||   160
  Dodge: Dodged            |   101 |   224 |    54 ||   379
